 Dungeon Sprint DCSS version 0.19-a0-82-gd3566c2 (webtiles) character file.

413 Kidiri the Skirmisher (level 6, -6/72 HPs)
             Began as an Ogre Arcane Marksman on May 15, 2016.
             Was an Initiate of Qazlal.
             Mangled by a sun demon (19 damage)
             ... summoned by a kobold demonologist
             ... in the Dungeon (Sprint III: "The Ten Rune Challenge").
             The game lasted 00:03:22 (557 turns).

Kidiri the Skirmisher (Ogre Arcane Marksman)         Turns: 557, Time: 00:03:24

Health: -6/72      AC:  2    Str: 17    XL:     6   Next: 90%
Magic:  15/15      EV: 12    Int: 13    God:    Qazlal [......]
Gold:   33         SH:  0    Dex: 14    Spells: 5 memorised, 4 levels left

rFire  . . .     SeeInvis .       - Unarmed
rCold  . . .     Gourm    .     a - +0 robe
rNeg   . . .     Faith    .     (no shield)
rPois  .         Spirit   .     (helmet restricted)
rElec  .         Dismiss  .     (no cloak)
rCorr  .         Reflect  .     (gloves unavailable)
SustAt .         Harm     .     (boots unavailable)
MR     .....     NoTele   +     (no amulet)
Stlth  +.........               (no ring)
                                (no ring)

@: not resistant to hostile enchantments, very unstealthy
A: unfitting armour, agile 2, blurry vision 2, deformed body, tough skin 1
a: Renounce Religion


You were in the Dungeon.
You worshipped Qazlal.
Qazlal was noncommittal.
You were not hungry.

You visited 1 branch You collected 33 gold pieces.

Inventory:

Missiles
 d - a throwing net (quivered)
Armour
 a - a +0 robe (worn)
Scrolls
 k - a scroll of blinking
 m - 4 scrolls of remove curse
 n - 2 scrolls of torment {unknown}
Potions
 e - 3 potions of curing
 g - a potion of heal wounds
 h - a potion of haste
 i - 2 potions of magic
 j - a potion of berserk rage
 q - 2 potions of cure mutation
 r - a potion of brilliance
 u - a potion of flight
Books
 b - a book of Debilitation

   Spells                             Type                      Level
   a - Corona                         Hexes                        1
   b - Slow                           Hexes                        2
   c - Gell's Gravitas                Hexes/Translocation          3
   d - Inner Flame                    Hexes/Fire                   3
   e - Cause Fear                     Hexes                        4
   f - Leda's Liquefaction            Hexes/Earth                  4
Comestibles
 f - a bread ration
 p - a meat ration
 s - 2 royal jellies


   Skills:
 * Level 7.7 Fighting
 * Level 6.0 Throwing
 + Level 3.3 Armour
 * Level 5.5 Dodging
 + Level 3.5 Unarmed Combat
 * Level 6.3 Spellcasting
 + Level 3.7 Hexes
 + Level 2.6 Translocations
 + Level 1.0 Fire Magic
 + Level 0.0 Invocations


You had 4 spell levels left.
You knew the following spells:

 Your Spells              Type           Power        Failure   Level  Hunger
a - Corona                Hex            ##.....      4%          1    None
b - Slow                  Hex            ##......     8%          2    #......
c - Gell's Gravitas       Hex/Tloc       ##........   14%         3    ###....
d - Inner Flame           Hex/Fire       ##......     21%         3    ###....
e - Cause Fear            Hex            ##........   38%         4    ####...


Dungeon Overview and Level Annotations

Branches:
Dungeon (1/1)

Altars:
Dithmenos
Gozag
Kikubaaqudgha
Makhleb
Nemelex Xobeh
Pakellas
Qazlal
Ru
Sif Muna
Vehumet
Xom
Jiyva
Lugonu


Innate Abilities, Weirdness & Mutations

You are too large for most types of armour.
You have tough skin (AC +1).
You are very agile. (Dex +4)
Scrolls take you longer to read.
Armour fits poorly on your strangely shaped body.


Message History

Throwing (i - inventory. (,) - cycle):
c - 2 large rocks (quivered)
Press: ? - help, Shift-Dir - straight line, f/p - wizard
Aim: a wizard, wielding a dagger and wearing a robe (moderately wounded)
You throw a large rock. The large rock hits the wizard!!
You kill the wizard!
Qazlal accepts your kill.
Your Throwing skill increases to level 6!
The kobold demonologist casts a spell.
The sun demon hits you!
You are engulfed in flames!
Throwing (i - inventory. (,) - cycle):
c - a large rock (quivered)
Press: ? - help, Shift-Dir - straight line, f - smoke demon
Aim: a smoke demon (summoned)
You throw a large rock.
The large rock closely misses the smoke demon.
The large rock hits the kobold demonologist!
The kobold demonologist is heavily wounded.
The sun demon hits you!!
* * * LOW HITPOINT WARNING * * *
You are engulfed in flames!!
You die...

.#......#####..#
##.......#!.#..#
.##.##...#..#..###+#+###+##
.##.###..##+#..#..........#
####.##..###...'.⌠........#
##..##..####...#...######+#
.÷..##..###....#.⌠.#__#...#
#..##...##.....#...#__#...#
..##....#......#@###__#...#
.###..##.#.....#33:#__#...+
.# #..#####....#K__#__+...#
▓▓ ▓▓▓▓ ▓▓▓▓▓▓▓▓▓▓▓▓▓▓▓▓▓


You could see a sun demon, a kobold demonologist and a smoke demon.

Vanquished Creatures
  A shadow (D)
  A spatial vortex (D)
  A water elemental (D)
  A jelly (D)
  A wizard (D)
  A human (D)
  An ooze (D)
  A phantom (D)
  3 rats (D)
11 creatures vanquished.

Vanquished Creatures (others)
  2 draconian scorchers (D)
  A yaktaur (D)
3 creatures vanquished.

Grand Total: 14 creatures vanquished

Notes
Turn   | Place    | Note
--------------------------------------------------------------
     0 | D        | Kidiri the Ogre Arcane Marksman began the quest for the Orb.
     0 | D        | Reached XP level 1. HP: 19/19 MP: 2/2
    28 | D        | Reached skill level 2 in Fighting
    28 | D        | Reached skill level 1 in Armour
   160 | D        | Reached XP level 2. HP: 26/29 MP: 4/4
   164 | D        | Learned a level 2 spell: Slow
   172 | D        | Killed a yaktaur
   185 | D        | Killed a white draconian scorcher
   205 | D        | Reached skill level 3 in Fighting
   205 | D        | Reached skill level 1 in Unarmed Combat
   205 | D        | Reached XP level 3. HP: 20/37 MP: 5/7
   232 | D        | Killed a white draconian scorcher
   281 | D        | Learned a level 3 spell: Gell's Gravitas
   374 | D        | Gained mutation: You are agile. (Dex +2) [potion of mutation]
   374 | D        | Gained mutation: Scrolls take you a little longer to read. [potion of mutation]
   374 | D        | Gained mutation: You are very agile. (Dex +4) [potion of mutation]
   375 | D        | Gained mutation: Scrolls take you longer to read. [potion of mutation]
   375 | D        | Gained mutation: Armour fits poorly on your strangely shaped body. [potion of mutation]
   386 | D        | Noticed a water elemental
   388 | D        | Killed a water elemental
   388 | D        | Reached skill level 4 in Fighting
   388 | D        | Reached skill level 1 in Translocations
   388 | D        | Reached XP level 4. HP: 49/49 MP: 7/9
   407 | D        | Noticed a shadow
   410 | D        | Killed a shadow
   410 | D        | Reached skill level 6 in Fighting
   410 | D        | Reached skill level 5 in Throwing
   410 | D        | Reached skill level 5 in Spellcasting
   410 | D        | Reached XP level 5. HP: 53/61 MP: 9/12
   410 | D        | Reached XP level 6. HP: 59/68 MP: 10/14
   411 | D        | Reached skill level 5 in Dodging
   497 | D        | Learned a level 3 spell: Inner Flame
   502 | D        | Learned a level 4 spell: Cause Fear
   504 | D        | Found an oddly glowing altar of Pakellas.
   504 | D        | Found a stormy altar of Qazlal.
   505 | D        | Found a sacrificial altar of Ru.
   505 | D        | Found a burning altar of Makhleb.
   505 | D        | Found a viscous altar of Jiyva.
   505 | D        | Found a shimmering altar of Xom.
   505 | D        | Found a shadowy altar of Dithmenos.
   505 | D        | Found a sparkling altar of Nemelex Xobeh.
   505 | D        | Found a corrupted altar of Lugonu.
   505 | D        | Found an opulent altar of Gozag.
   505 | D        | Noticed a spatial vortex
   513 | D        | Killed a spatial vortex
   513 | D        | Reached skill level 7 in Fighting
   513 | D        | Reached skill level 1 in Fire Magic
   527 | D        | Became a worshipper of Qazlal Stormbringer
   552 | D        | Found a radiant altar of Vehumet.
   553 | D        | Found a deep blue altar of Sif Muna.
   553 | D        | Found an ancient bone altar of Kikubaaqudgha.
   556 | D        | Noticed a sun demon
   557 | D        | Noticed a smoke demon
   557 | D        | Mangled by a sun demon

Vault maps used:
D:        dungeon_sprint_mu

Skill      XL: |  1  2  3  4  5  6 |
---------------+-------------------+-----
Fighting       | 2 3 4 6 7 |  7.7
Armour         | 1 2 3 |  3.3
Dodging        | 2 3 4 5 |  5.5
Throwing       | 3 5 6 |  6.0
Unarmed Combat | 1 2 3 |  3.5
Spellcasting   | 2 3 5 6 |  6.3
Translocations | 1 2 |  2.6
Hexes          | 3 |  3.7
Fire Magic     | 1 |  1.0

Action                   |  1- 3 |  4- 6 || total
-------------------------+-------+-------++-------
Melee: Unarmed           |    36 |     1 ||    37
Throw: Large rock        |     9 |    10 ||    19
       Throwing net      |     2 |     1 ||     3
  Use: Scroll            |     3 |       ||     3
       Potion            |     2 |       ||     2
 Stab: Held in net/web   |     1 |       ||     1
       Sleeping          |       |     1 ||     1
Armor: Robe              |     9 |       ||     9
Dodge: Dodged            |    14 |     2 ||    16
